AoeStats
← M@nqu!to

Arena

505575357Analyzed
2v2 RM · 22d ago on Sep 10, 2026· 31m 11s· 4 players
Game mode
Random Map
Map size
Medium (4 player)
Population
200
Speed
Normal
Resources
Standard
Victory
Conquest
Starting age
Dark Age
Ending age
Imperial Age
RankedLock teamsTeams togetherTeam positionsShared explorationLock speedFull tech treeHidden civsTurbo modeCheats
Victory
Defeat
🇵🇪 Aztecs · Peru
1268
+19
🇵🇪 Persians · Peru
1225
+20
1340
-20
🇲🇽 Bohemians · Mexico
1308
-19
AiM | CaballeroTemplario
10:23 Feudal Age
9:46 Loom
15:30 Castle Age
15:40 Double-Bit Axe
15:38 Horse Collar
17:34 Fletching
24:41 Bodkin Arrow
27:20 Gold Mining
30:49 Padded Archer Armor
Mariotellop
10:10 Feudal Age
10:15 Loom
17:06 Castle Age
15:24 Horse Collar
15:55 Fletching
16:14 Double-Bit Axe
18:03 Wheelbarrow
M@nquito 2.0
11:19 Feudal Age
15:36 Castle Age
13:54 Double-Bit Axe
22:04 Loom
24:02 Redemption
M@nqu!to
4:58 Loom
9:32 Feudal Age
11:30 Double-Bit Axe
12:28 Horse Collar
17:52 Fletching
20:46 Town Watch
24:22 Castle Age
24:15 Padded Archer Armor
24:10 Elite Skirmisher
24:47 Bodkin Arrow
25:12 Bow Saw
28:26 Ballistics
29:12 Leather Archer Armor
Connection lost

Rejoining the realm…

Still unreachable

The connection could not be restored.

Session expired

The server has moved on; the page needs a fresh start.